 Dungeon Crawl Stone Soup version 0.21-a0-496-g696f58f537 (webtiles) character file.

67 Kaname the Stinger (level 4, 30/30 HPs)
             Began as a Demonspawn Venom Mage on Nov 24, 2017.
             Quit the game on level 2 of the Dungeon.
             The game lasted 00:03:54 (1533 turns).

Kaname the Stinger (Demonspawn Venom Mage)          Turns: 1533, Time: 00:03:55

Health: 30/30      AC:  3    Str:  8    XL:     4   Next: 0%
Magic:  4/7        EV: 12    Int: 17    God:
Gold:   139        SH:  4    Dex: 14    Spells: 1/7 levels left

rFire    . . .     SeeInvis .   d - +0 spear
rCold    . . .     Gourm    .   (no shield)
rNeg     . . .     Faith    .   a - +0 robe
rPois    .         Spirit   .   (no helmet)
rElec    .         Reflect  .   (no cloak)
rCorr    .         Harm     .   (no gloves)
MR       .....                  m - +0 pair of boots (curse)
Stlth    +++.......             (no amulet)
HPRegen  0.10/turn              r - ring of stealth
MPRegen  0.10/turn              (no ring)

@: no status effects
A: hooves 1, large bone plates 1, rot immunity
a: no special abilities


You were on level 2 of the Dungeon.
You were not hungry.

You visited 1 branch of the dungeon, and saw 2 of its levels.

You collected 139 gold pieces.

Inventory:

Hand Weapons
 d - a +0 spear (weapon)
Armour
 a - a +0 robe (worn)
 m - a cursed +0 pair of boots (worn)
Jewellery
 r - a ring of stealth (left hand)
Scrolls
 g - a scroll of amnesia {unknown}
 i - 2 scrolls of magic mapping {unknown}
 j - 2 scrolls of teleportation
 k - 2 scrolls of identify {unknown}
 l - a scroll of fog {unknown}
 n - a scroll of enchant weapon {unknown}
 p - a scroll of remove curse {unknown}
 q - a scroll of enchant armour {unknown}
 w - a scroll of immolation {unknown}
Potions
 e - 2 potions of curing {unknown}
 h - a potion of agility {unknown}
 o - a potion of haste {unknown}
 s - a potion of magic {unknown}
 t - a potion of heal wounds {unknown}
 u - a potion of lignification {unknown}
 v - a potion of brilliance {unknown}
 z - 2 potions of experience {unknown}
Books
 b - a Young Poisoner's Handbook

   Spells                             Type                      Level
   a - Sting                          Conjuration/Poison           1
   b - Poisonous Vapours              Poison/Air                   2
   c - Mephitic Cloud                 Conjuration/Poison/Air       3
   d - Olgreb's Toxic Radiance        Poison                       4
   e - Venom Bolt                     Conjuration/Poison           5
Comestibles
 c - 2 bread rations
 f - a meat ration
 x - a royal jelly


   Skills:
 - Level 1.7 Dodging
 - Level 1.7 Stealth
 - Level 2.0 Spellcasting
 - Level 2.0 Conjurations
 + Level 0.5 Air Magic
 * Level 4.3 Poison Magic


You had one spell level left.
You knew the following spells:

 Your Spells              Type           Power        Failure   Level  Hunger
a - Sting                 Conj/Pois      ##..         5%          1    #......
b - Poisonous Vapours     Pois/Air       ##....       11%         2    ###....
c - Mephitic Cloud        Conj/Pois/Air  #.......     22%         3    ###....


Dungeon Overview and Level Annotations

Branches:
Dungeon (2/15)

Altars:


Innate Abilities, Weirdness & Mutations

You have large cloven feet.
You are partially covered in large bone plates. (SH +4)
You are immune to rotting.


Message History

There is an open door here.
Found a stone staircase leading up.
w - a scroll labeled EMUYPU ODEEFFA
There is a stone staircase leading up here.
A giant cockroach comes into view.
A giant cockroach is nearby!
A giant cockroach is nearby!
Casting: Poisonous Vapours
Confirm with . or Enter, or press ? or * to list all spells.
Aiming: Poisonous Vapours
Press: ? - help, Dir - move target cursor, f - giant cockroach
Aim: a giant cockroach (clinging, resting) Poisonous vapours surround the giant cockroach!
The giant cockroach is engulfed in poison gas.
The giant cockroach is poisoned.
You kill the giant cockroach!
You have reached level 4!
You feel agile.
Your demonic ancestry asserts itself...
Large bone plates grow over parts of your arms.
Are you sure you want to abandon this character and quit the game? (Confirm with "yes".)

## #......#.# #......#.#
########.. ### #####
#...#
########.#.#############
†......@.#..............
########.###############
###


There were no monsters in sight!

Vanquished Creatures
  2 adders (D:2)
  A worm (D:2)
  A dart slug (D:1)
  A ball python (D:2)
  10 bats
  5 giant cockroaches
  5 goblins
  5 hobgoblins
  2 jackals (D:1)
  A quokka (D:2)
  3 frilled lizards
  4 kobolds (D:1)
  A rat (D:1)
41 creatures vanquished.

Notes
Turn   | Place    | Note
-------+----------+-------------------------------------------
     0 | D:1      | Kaname the Demonspawn Venom Mage began the quest for the Orb.
     0 | D:1      | Reached XP level 1. HP: 13/13 MP: 3/3
   334 | D:1      | Gained mutation: You have large cloven feet. [demonic ancestry]
   334 | D:1      | Reached XP level 2. HP: 16/19 MP: 5/5
   338 | D:1      | Learned a level 2 spell: Poisonous Vapours
   692 | D:1      | Gained mutation: You are immune to rotting. [demonic ancestry]
   692 | D:1      | Reached XP level 3. HP: 13/24 MP: 4/6
   697 | D:1      | Learned a level 3 spell: Mephitic Cloud
  1025 | D:2      | Reached skill level 4 in Poison Magic
  1532 | D:2      | Gained mutation: You are partially covered in large bone plates. (SH +4) [demonic ancestry]
  1532 | D:2      | Reached XP level 4. HP: 30/30 MP: 4/7
  1533 | D:2      | Quit the game

Vault maps used:
D:1:      dpeg_arrival_pits

Skill      XL: |  1  2  3 |
---------------+----------+-----
Poison Magic   | 4 |  4.3
Conjurations   | 2 |  2.0
Dodging        | |  1.7
Stealth        | |  1.7
Spellcasting   | |  2.0
Air Magic      | |  0.5

Action                   |  1- 3 |  4- 6 || total
-------------------------+-------+-------++-------
Melee: Spear             |    99 |       ||    99
       Unarmed           |     4 |       ||     4
       Kick              |     2 |       ||     2
 Cast: Sting             |    43 |       ||    43
       Poisonous Vapours |     6 |       ||     6
  Use: Scroll            |     1 |       ||     1
 Stab: Sleeping          |     2 |       ||     2
       Distracted        |     1 |       ||     1
  Eat: Chunk             |     3 |       ||     3
Armor: Robe              |    28 |       ||    28
Dodge: Dodged            |    60 |       ||    60

Table legend:
 A = Spawn XP
 B = Non-spawn XP
 C = Spawn XP percentage of total XP
 D = Spawn monster count
 E = Non-spawn monster count
 F = Spawn count percentage of total count
 G = Total turns spent on level
                    A         B        C        D         E        F      G
               +---------+---------+-------+---------+---------+-------+---------
         Total |       0 |      97 |   0.0 |       0 |      41 |   0.0 |  1533
               +---------+---------+-------+---------+---------+-------+---------
           D:1 |       0 |      46 |   0.0 |       0 |      26 |   0.0 |   915
           D:2 |       0 |      51 |   0.0 |       0 |      15 |   0.0 |   618
               +---------+---------+-------+---------+---------+-------+---------
